 Dungeon Crawl Stone Soup version 0.26.1-2-gb8aa6d0cf2 (webtiles) character file.

Game seed: 2734684816653720943

2153 vatarom the Martial Artist (level 9, -2/64 HPs)
             Began as a Yellow Draconian Transmuter on Feb 16, 2021.
             Killed from afar by a gnoll (13 damage)
             ... with a bolt of acid
             ... on level 6 of the Dungeon.
             The game lasted 00:10:27 (8569 turns).

vatarom the Martial Artist (DrTm)                   Turns: 8569, Time: 00:10:28

Health: -2/64      AC:  2    Str: 14    XL:     9   Next: 10%
Magic:  10/12      EV: 23    Int: 13    God:
Gold:   402        SH:  0    Dex: 19    Spells: 4/12 levels left

rFire    . . .     SeeInvis .     - Unarmed
rCold    . . .     Faith    .   (shield currently unavailable)
rNeg     . . .     Spirit   .   (armour unavailable)
rPois    x         Reflect  .   (helmet currently unavailable)
rElec    .         Harm     .   (cloak currently unavailable)
rCorr    .         Rampage  .   (gloves currently unavailable)
Will     .....                  (boots currently unavailable)
Stlth    ++........             a - amulet of magic regeneration
HPRegen  0.20/turn              v - +4 ring of evasion
MPRegen  0.38/turn              (no ring)

@: spider-form, marked
A: tiny, (spit acid), unfitting armour, AC +7
a: End Transformation


You were on level 6 of the Dungeon.
You were a venomous arachnid creature.
You visited 1 branch of the dungeon, and saw 7 of its levels.
You also visited: Sewer.

You collected 402 gold pieces.

Inventory:

Hand Weapons
 b - a +0 short sword of speed
Missiles
 h - 9 boomerangs
 w - 37 poisoned darts
Armour
 i - a +0 pair of gloves (melded)
 u - a +0 pair of boots
Jewellery
 a - an amulet of magic regeneration (around neck)
 e - an uncursed amulet of guardian spirit
 v - a +4 ring of evasion (left front leg)
Scrolls
 d - a scroll of noise
 f - 2 scrolls of amnesia
 j - 5 scrolls of remove curse {@r2}
 l - a scroll of enchant weapon
 m - a scroll of random uselessness {unknown}
 n - a scroll of immolation {unknown}
 p - a scroll of fear {unknown}
 q - a scroll of blinking {@r4}
 r - 2 scrolls of teleportation {@r3}
 s - a scroll of magic mapping
 t - 4 scrolls of identify {@r1}
 y - a scroll of brand weapon {unknown}
Potions
 c - 3 potions of curing {@q1}
 g - a potion of flight {unknown}
 k - a potion of berserk rage {unknown}
 o - a potion of attraction {unknown}
 x - a potion of degeneration {unknown}
 z - 8 potions of heal wounds {unknown}
 A - 5 potions of might {@q4}
 B - 2 potions of brilliance {unknown}


   Skills:
 - Level 1.1 Fighting
 - Level 1.7 Dodging
 + Level 8.3 Unarmed Combat
 - Level 2.0 Spellcasting
 - Level 5.9 Transmutations
 + Level 5.0 Ice Magic
 + Level 5.0 Poison Magic


You had 4 spell levels left.
You knew the following spells:

 Your Spells              Type           Power        Failure   Level
a - Beastly Appendage     Tmut           32%          9%          1
b - Spider Form           Tmut/Pois      7%           22%         3
c - Ice Form              Ice/Tmut       15%          47%         4

Your spell library contained the following spells:

 Spells                   Type           Power        Failure   Level
 Wereblood                Tmut           16%          11%         2
 Blade Hands              Tmut           8%           73%         5


Dungeon Overview and Level Annotations

Branches:
Dungeon (7/15)              Sewer (visited)
 Temple: D:4-7

Altars:
Ashenzari
Elyvilon
Okawaru
Ru
Sif Muna
Yredelemnul

Annotations:
D:6 Pikel


Innate Abilities, Weirdness & Mutations

((You can spit globs of acid.))
((Your golden yellow scales are hard. (AC +7)))
You cannot fit into any form of body armour.
((You are cold-blooded and may be slowed by cold attacks.))
((You are resistant to acid. (rCorr)))


Message History

The worker ant closely misses you. The gnoll hits you!
* * * LOW HITPOINT WARNING * * *
Pikel misses you.
Unknown command.
Okay, then.
You feel better. The worker ant closely misses you.
The gnoll hits you but does no damage.
Pikel hits you with a +2 whip of flaming!
* * * LOW HITPOINT WARNING * * *
Pikel burns you.
* * * LOW HITPOINT WARNING * * *
The worker ant misses you.
Unknown command.
You feel better.
Pikel hits you with a +2 whip of flaming!
* * * LOW HITPOINT WARNING * * *
Pikel burns you.
* * * LOW HITPOINT WARNING * * *
The gnoll zaps a wand.
The bolt of acid hits you!
You die...

....##.....#..##.###### #####.###
....##.....##.##.# #.#
#############.##.# #.# # #.##.#
#.### # #..#)# #....
##############.#.################
....)...........h................
###############Kg################
.........[.....Bs#
##################


You could see Pikel (fast), a hound, a worker ant and a gnoll.

Vanquished Creatures
  A water moccasin (D:6)
  An orc warrior (D:6)
  A sky beast (D:5)
  A phantom (D:4)
  A necrophage (D:6)
  2 ogres
  2 centaurs
  3 big kobolds (Sewer)
  3 scorpions
  A howler monkey (D:7)
  A quasit (D:6)
  2 orc priests
  A centaur skeleton (D:4)
  A gnoll shaman (D:6)
  Jessica (D:3)
  8 orc wizards
  3 worker ants (D:5)
  A worker ant zombie (D:5)
  11 gnolls
  19 adders
  7 river rats
  A white imp (D:4)
  An ufetubus (D:7)
  An ooze (D:4)
  2 adder zombies
  A worm (D:6)
  2 dart slugs
  5 leopard geckos
  30 orcs
  14 bats
  4 giant cockroaches
  8 goblins
  4 hobgoblins
  7 jackals
  16 kobolds
  8 quokkas
  4 ball pythons
  9 frilled lizards
  31 rats
219 creatures vanquished.

Vanquished Creatures (others)
  6 fungi (D:4)
6 creatures vanquished.

Grand Total: 225 creatures vanquished

Notes
Turn   | Place    | Note
-------+----------+-------------------------------------------
     0 | D:1      | vatarom the Draconian Transmuter began the quest for the
                  | Orb.
     0 | D:1      | Reached XP level 1. HP: 16/16 MP: 3/3
   260 | D:1      | Reached XP level 2. HP: 17/23 MP: 3/5
  1195 | D:2      | Found a broken altar of Ashenzari.
  1294 | D:2      | Reached XP level 3. HP: 28/28 MP: 4/6
  1827 | D:2      | Found a shimmering blue altar of Sif Muna.
  1862 | D:2      | Reached skill level 4 in Unarmed Combat
  2124 | D:2      | Reached XP level 4. HP: 29/35 MP: 7/7
  2608 | D:3      | Noticed Jessica
  2613 | D:3      | Killed Jessica
  2695 | D:3      | Found a faded altar of an unknown god.
  3039 | D:3      | Found a basalt altar of Yredelemnul.
  3039 | D:3      | Found a white marble altar of Elyvilon.
  3039 | D:3      | Found an iron altar of Okawaru.
  3189 | D:4      | Reached XP level 5. HP: 40/40 MP: 6/8
  3302 | D:4      | Found a sacrificial altar of Ru.
  3688 | D:3      | Reached skill level 5 in Unarmed Combat
  3845 | D:3      | Reached XP level 6. HP: 27/47 MP: 5/9
  4015 | D:4      | Reached skill level 5 in Transmutations
  4162 | D:4      | Reached skill level 6 in Unarmed Combat
  4551 | D:4      | Your scales start taking on a golden yellow colour.
  4551 | D:4      | Reached XP level 7. HP: 48/52 MP: 8/10
  4551 | D:4      | Gained mutation: You are resistant to acid. (rCorr) [Yellow
                  | Draconian growth]
  4808 | D:4      | You fall into a shaft and drop 1 floor!
  4808 | D:5      | Entered Level 5 of the Dungeon
  4838 | D:4      | Learned a level 3 spell: Spider Form
  4843 | D:4      | Learned a level 4 spell: Ice Form
  5343 | D:5      | Reached skill level 1 in Ice Magic
  5412 | D:5      | Reached skill level 1 in Poison Magic
  5773 | D:5      | Identified the +1 chain mail of Ru's Outrage {Rampage}
  6179 | D:5      | Reached skill level 7 in Unarmed Combat
  6179 | D:5      | Reached XP level 8. HP: 49/59 MP: 11/11
  6707 | D:6      | Found a glowing drain.
  6732 | Sewer    | Entered a sewer
  7797 | D:6      | Reached skill level 8 in Unarmed Combat
  7974 | D:6      | Reached XP level 9. HP: 26/64 MP: 9/12
  8553 | D:7      | Noticed Pikel
  8556 | D:7      | Reached skill level 5 in Ice Magic
  8556 | D:7      | Reached skill level 5 in Poison Magic
  8569 | D:6      | Killed from afar by a gnoll

Illustrated notes

Levels and vault maps discovered:
D:1:      wander_arrival_fairy_ring, layout_basic
D:2:      layout_loops_ring, lemuel_crystal_altar, lemuel_blue_sif_altar,
          minmay_lizard_pond
D:3:      layout_rooms, gammafunk_temple_overflow_claw,
          chequers_ecumenical_altar_simple_redux,
          minmay_fractal_squares_diagonal_5, uniq_jessica
D:4:      old_forge, layout_rooms, nicolae_overflow_crystal_walls,
          chequers_serial_rivers_room_a
D:5:      layout_cave_pools
D:6:      layout_basic, portal_sewer_entry_a
D:7:      layout_layer_cave, old_standard_altar,
          minmay_temple_entry_drinking_statues, st_stairs_14, minivault_5,
          uniq_pikel

Skill      XL: |  1  2  3  4  5  6  7  8  9 |
---------------+----------------------------+-----
Transmutations | 3 4 5 |  5.9
Unarmed Combat | 4 5 6 7 8 |  8.3
Ice Magic      | 2 4 5 |  5.0
Poison Magic   | 2 4 5 |  5.0
Fighting       | |  1.1
Dodging        | |  1.7
Spellcasting   | |  2.0

Action                   |  1- 3 |  4- 6 |  7- 9 || total
-------------------------+-------+-------+-------++-------
Melee: Unarmed           |   114 |   175 |   421 ||   710
       Headbutt          |    12 |    28 |    30 ||    70
       Kick              |    10 |    35 |    36 ||    81
       Tailslap          |     7 |    15 |    34 ||    56
       Punch             |       |     4 |     5 ||     9
 Cast: Beastly Appendage |    36 |    29 |    22 ||    87
       Spider Form       |       |       |    15 ||    15
 Abil: Breathe Acid      |       |       |     7 ||     7
  Use: Scroll            |     1 |     1 |     7 ||     9
       Potion            |       |       |     5 ||     5
 Stab: Sleeping          |     2 |       |       ||     2
Armor: Skin              |    37 |    58 |    91 ||   186
Dodge: Dodged            |    80 |   190 |   455 ||   725
